 Dungeon Crawl Stone Soup version 0.30.1-9-gdf580d7c3d (webtiles) character file.

Game seed: 17185465508437119032

340 monsoonserge the Conjurer (level 6, 0/46 HPs)
             Began as a Draconian Conjurer on Sept 27, 2023.
             Succumbed to Crazy Yiuf's poison
             ... on level 3 of the Dungeon.
             The game lasted 00:10:44 (2326 turns).

monsoonserge the Conjurer (Draconian Conjurer)      Turns: 2326, Time: 00:10:45

Health: 0/46       AC:  6    Str:  9    XL:     6   Next: 30%
Magic:  0/9        EV: 12    Int: 20    God:
Gold:   87         SH:  0    Dex: 10    Spells: 6/9 levels left

rFire   . . .        c - +2 falchion (drain)
rCold   . . .        k - orb {*channel}
rNeg    . . .        (body armour unavailable)
rPois   .            (helmet restricted)
rElec   .            (no cloak)
rCorr   .            (no gloves)
SInv    .            (no boots)
Will    .....        p - amulet of regeneration
Stlth   ++           (no ring)
HPRegen 1.07/turn    (no ring)
MPRegen 0.11/turn

%: channel magic (20%)
@: brilliant, lethally poisoned (0 -> -1), attractive
A: AC +6, unfitting armour, cold-blooded
a: no special abilities


You were on level 3 of the Dungeon.
You visited 1 branch of the dungeon, and saw 3 of its levels.

You collected 87 gold pieces.

Inventory:

Hand Weapons
 c - a +2 falchion of draining (weapon)
 m - a +1 dagger of pain
Missiles
 e - 7 boomerangs (quivered)
 f - 4 javelins
 o - 6 poisoned darts
Armour
 k - an orb of energy (worn)
Jewellery
 p - an amulet of regeneration (around neck)
Wands
 b - a wand of digging (1)
Scrolls
 j - 4 scrolls of teleportation {unknown}
 r - a scroll of identify
 t - a scroll of amnesia {unknown}
 u - a scroll of fear {unknown}
Potions
 a - a potion of magic
 d - 5 potions of flight
 h - 3 potions of haste
 i - a potion of resistance
 n - a potion of curing {unknown}
 q - a potion of ambrosia {unknown}
 s - a potion of brilliance


   Skills:
 + Level 0.3 Fighting
 + Level 0.3 Long Blades
 - Level 2.0 Dodging
 - Level 2.0 Stealth
 + Level 2.1 Spellcasting
 + Level 7.4 Conjurations


You had 6 spell levels left.
You knew the following spells:

 Your Spells              Type           Power      Damage    Failure   Level
a - Magic Dart            Conj           100%       1d8       4%          1
b - Searing Ray           Conj           94%        2d7       5%          2

Your spell library contained the following spells:

 Spells                   Type           Power      Damage    Failure   Level
 Dazzling Flash           Conj/Hex       50%        N/A       24%         3
 Hailstorm                Conj/Ice       25%        3d7       24%         3
 Fulminant Prism          Conj/Hex       12%        3d8       54%         4
 Iskenderun's Mystic Bla  Conj/Tloc      25%        2d7       54%         4
 Ice Form                 Ice/Tmut       3%         N/A       94%         4
 Simulacrum               Ice/Necr       1%         N/A       100%        6


Dungeon Overview and Level Annotations

Branches:
Dungeon (3/15)

Altars:
Ashenzari

Shops:
D:1 :


Innate Abilities, Weirdness & Mutations

Your plain brown scales are hard. (AC +6)
You cannot fit into any form of body armour.
You are cold-blooded and may be slowed by cold attacks.


Message History

Confirm with . or Enter, or press ? or * to list all spells.
Aiming: Searing Ray (safe; 5% risk of failure)
Press: ? - help, Shift-Dir - straight line, f/p - Crazy Yiuf
Aim: Crazy Yiuf, wielding a +3 quarterstaff of chaos and wearing a +1 cloak (almost dead, 82% to hit)
The searing ray hits Crazy Yiuf.
Crazy Yiuf is almost dead. (Press . to maintain the ray.)
You feel sick.
The searing ray misses Crazy Yiuf.
You feel sick.
Crazy Yiuf whimpers, "Tonal!
Snower sanguine unthinkable."
Crazy Yiuf hits you with a +3 quarterstaff of chaos.
* * * LOW HITPOINT WARNING * * *
You feel yourself slow down. Crazy Yiuf freezes you.
* * * LOW HITPOINT WARNING * * *
The searing ray hits Crazy Yiuf.
You kill Crazy Yiuf!
* * * LOW HITPOINT WARNING * * *
You feel sick.
You are lethally poisoned (2 -> 0).
You are under both slowing and hasting effects.
Your movement speed is average.
Your attack delay is about 1.2.
Your damage rating with your +2 falchion of draining is about 10 (Base 8 x 100% (Dex) x 100% (Skill) + 2 (Ench)).
Okay, then.
It was a potion of cancellation.
Your magical effects are unravelling.
You feel magically purged.
You feel yourself speed up.
You feel yourself slow down.
* * * LOW HITPOINT WARNING * * *
You feel sick.
You are lethally poisoned (1 -> 0).
Your movement speed is average.
Your attack delay is about 1.2.
Your damage rating with your +2 falchion of draining is about 10 (Base 8 x 100% (Dex) x 100% (Skill) + 2 (Ench)).
Unknown command.
It was a potion of attraction.
You feel attractive to monsters.
* * * LOW HITPOINT WARNING * * *
You feel sick.
It was a potion of brilliance.
You feel clever all of a sudden.
You die...

#####
#)..#
#...# ...
#)# . ..
♣@♣♣ ##.#
♣♣.♣ ...#
♣.♣♣ ...#
♣♣.♣ ...#
♣♣.♣♣
...####
♣♣)..♣
#......
♣....♣
÷..#
##..##
(..###
#....####


There were no monsters in sight!

Vanquished Creatures
  Sigmund (D:3)
  Crazy Yiuf (D:3)
  Jessica (D:3)
  Terence (D:3)
  Robin (D:2)
  An adder (D:3)
  3 worms
  2 dart slugs (D:2)
  2 orcs (D:3)
  5 endoplasms
  2 giant cockroaches
  10 goblins
  10 hobgoblins
  5 jackals
  4 kobolds
  3 quokkas
  5 ball pythons
  A bat (D:2)
  4 frilled lizards
  2 rats (D:2)
64 creatures vanquished.

Notes
Turn   | Place    | Note
-------+----------+-------------------------------------------
     0 | D:1      | monsoonserge the Draconian Conjurer began the quest for the
                  | Orb.
     0 | D:1      | Reached XP level 1. HP: 14/14 MP: 3/3
    62 | D:1      | Found Tuih Dit's Vocational Training.
   315 | D:1      | Reached XP level 2. HP: 20/20 MP: 0/5
   782 | D:2      | Learned a level 2 spell: Searing Ray
   787 | D:2      | Identified the +0 robe of the Kettle-Drum {*Slow rCorr
                  | Dex+4}
   941 | D:2      | Noticed Robin
   965 | D:3      | Reached XP level 3. HP: 22/26 MP: 4/6
   965 | D:3      | Noticed Terence
   982 | D:3      | Killed Terence
   983 | D:3      | Reached skill level 5 in Conjurations
  1072 | D:3      | Noticed Sigmund
  1112 | D:3      | Reached XP level 4. HP: 33/33 MP: 2/7
  1250 | D:3      | Found a broken altar of Ashenzari.
  1427 | D:2      | Killed Robin
  1638 | D:2      | Reached skill level 6 in Conjurations
  2024 | D:3      | Killed Sigmund
  2025 | D:3      | Reached skill level 7 in Conjurations
  2025 | D:3      | Reached XP level 5. HP: 31/38 MP: 1/8
  2025 | D:3      | Reached XP level 6. HP: 37/45 MP: 1/9
  2115 | D:3      | Noticed Jessica
  2118 | D:3      | Killed Jessica
  2312 | D:3      | Found a runed translucent door.
  2313 | D:3      | Noticed Crazy Yiuf
  2323 | D:3      | Killed Crazy Yiuf
  2323 | D:3      | HP: 2/45 [poisoned by Crazy Yiuf]
  2326 | D:3      | Succumbed to Crazy Yiuf's poison

Illustrated notes

Levels and vault maps discovered:
D:1:      wander_arrival_chamber, layout_basic, nicolae_shop_vocational
D:2:      layout_rooms, uniq_robin
D:3:      layout_loops_cross, nicolae_ashenzari_skybound,
          uniq_crazy_yiuf_cottage, uniq_jessica, uniq_terence, uniq_sigmund

Skill      XL: |  1  2  3  4 |
---------------+-------------+-----
Stealth        | 2 |  2.0
Dodging        | 2 |  2.0
Conjurations   | 5 7 |  7.4
Fighting       | |  0.3
Long Blades    | |  0.3
Spellcasting   | |  2.1

Action                     |  1- 3 |  4- 6 || total
---------------------------+-------+-------++-------
  Melee: Falchion          |    41 |    10 ||    51
         Tailslap          |     2 |       ||     2
  Throw: Boomerang         |       |     1 ||     1
   Cast: Magic Dart        |    28 |     2 ||    30
         Searing Ray       |     7 |    22 ||    29
    Use: Scroll            |     1 |     2 ||     3
         Potion            |       |     3 ||     3
   Stab: Sleeping          |       |     1 ||     1
 Armour: Skin              |    21 |     8 ||    29
  Dodge: Dodged            |    49 |     9 ||    58
